 Dungeon Crawl Stone Soup version 0.27.0-1-g7a089689b8 (webtiles) character file.

Game seed: 2417027073577237560

1325 puimuR the Cleaver (level 8, -2/63 HPs)
             Began as a Deep Dwarf Transmuter on Aug 15, 2021.
             Was an Initiate of Makhleb.
             Killed by divine providence
             ... invoked by an orc priest
              (8 damage)
             ... on level 7 of the Dungeon.
             The game lasted 00:12:02 (2282 turns).

puimuR the Cleaver (Deep Dwarf Transmuter)          Turns: 2282, Time: 00:12:03

Health: -2/63      AC:  8    Str: 16    XL:     8   Next: 34%
Magic:  9/9        EV: 11    Int: 14    God:    Makhleb [......]
Gold:   185        SH:  5    Dex: 13    Spells: 7/10 levels left

rFire    . . .     SeeInvis .   s - +1 trident (protect)
rCold    . . .     Faith    .   l - +0 buckler
rNeg     . . .     Spirit   .   u - +0 ring mail
rPois    .         Reflect  .   B - +0 hat
rElec    .         Harm     .   (no cloak)
rCorr    .         Rampage  .   j - +0 pair of gloves
Will     +....                  p - +1 pair of boots
Stlth    +.........             (no amulet)
HPRegen  0.00/turn              (no ring)
MPRegen  0.11/turn              (no ring)

@: no status effects
A: damage resistance, heal wounds, sense surroundings 1, no regeneration
a: Heal Wounds, Renounce Religion


You were on level 7 of the Dungeon.
You worshipped Makhleb.
Makhleb was noncommittal.
You visited 2 branches of the dungeon, and saw 8 of its levels.

You collected 185 gold pieces.

Inventory:

Hand Weapons
 b - the +5 dagger of the Eel {flame, Str-4 Int+4 Dex+8 Stlth+}
   (You found it on level 6 of the Dungeon)

   It burns those it strikes, dealing additional fire damage.
   Str:       It affects your strength (-4).
   Int:       It affects your intelligence (+4).
   Dex:       It affects your dexterity (+8).
   Stlth:     It makes you more stealthy.
 d - a +0 dagger
 i - a +0 hunting sling
 m - a +0 dagger of draining
 n - a +0 trident
 r - a +0 hand axe
 s - a +1 trident of protection (weapon)
 t - a +0 vampiric dagger
Missiles
 c - 41 stones
 e - 22 poisoned darts (quivered)
 h - 41 sling bullets
 y - 4 silver javelins
 A - a throwing net
Armour
 a - a +0 robe
 j - a +0 pair of gloves (worn)
 l - a +0 buckler (worn)
 p - a +1 pair of boots (worn)
 q - a +0 leather armour
 u - a +0 ring mail (worn)
 B - a +0 hat (worn)
Jewellery
 o - an amulet of regeneration
Scrolls
 g - 9 scrolls of identify
 k - 2 scrolls of fog
 w - 2 scrolls of vulnerability
Potions
 f - a potion of lignification {unknown}
 v - a potion of heal wounds {unknown}
 x - a potion of invisibility {unknown}


   Skills:
 - Level 0.8 Fighting
 + Level 9.6 Axes
 - Level 2.1 Dodging
 - Level 4.0 Shields
 - Level 2.6 Unarmed Combat
 - Level 1.7 Spellcasting
 - Level 3.3 Transmutations


You had 7 spell levels left.
You knew the following spells:

 Your Spells              Type           Power      Damage    Failure   Level
a - Beastly Appendage     Tmut           20%        N/A       12%         1
b - Wereblood             Tmut           10%        N/A       19%         2

Your spell library contained the following spells:

 Spells                   Type           Power      Damage    Failure   Level
 Animate Skeleton         Necr           2%         N/A       43%         1
 Foxfire                  Conj/Fire      4%         2x1d4     43%         1
 Pain                     Necr           4%         1d4       43%         1
 Spider Form              Tmut/Pois      2%         N/A       56%         3
 Conjure Flame            Conj/Fire      1%         6-21      80%         3
 Inner Flame              Hex/Fire       1%         N/A       80%         3
 Vampiric Draining        Necr           0%         2d6       80%         3
 Ice Form                 Ice/Tmut       5%         N/A       93%         4


Dungeon Overview and Level Annotations

Branches:
Dungeon (7/15)             Temple (1/1) D:5

Altars:
Cheibriados
Elyvilon
Gozag
Makhleb
Okawaru
Sif Muna
Uskayaw
Wu Jian
Xom
Zin
The Shining One

Shops:
D:3 :

Annotations:
D:6 Dowan, Duvessa


Innate Abilities, Weirdness & Mutations

You are resistant to damage.
You can heal yourself by infusing magical energy.
You passively map a small area around you.
You do not regenerate.


Message History

The shadow strikes at you from the darkness!
Reactivating autopickup.
You open the door. The shadow hits you.
Found a stone staircase leading down.
There is an open door here.
You feel much better. You block the shadow's attack.
As you open the door, it creaks loudly!
The shadow slips into darkness.
The shadow flickers and vanishes!
Deactivating autopickup; reactivate with Ctrl-A.
There is an open door here.
The shadow strikes at you from the darkness!
Reactivating autopickup.
As you read the scroll of teleportation, it crumbles to dust.
You feel strangely unstable.
The shadow slips into darkness.
The shadow flickers and vanishes!
Deactivating autopickup; reactivate with Ctrl-A.
A killer bee zombie comes into view.
Your surroundings suddenly seem different.
The killer bee zombie moves out of view.
As you read the scroll labelled GEUMUMEAFI, it crumbles to dust.
You hear a loud clanging noise!
It was a scroll of noise.
You hear a shout! x4
As you read the scroll labelled XODYLOA YCHU, it crumbles to dust.
You assume a fearsome visage.
Nothing appears to happen.
It was a scroll of fear.
An orc warrior comes into view. It is wielding a +0 hand axe.
An orc priest comes into view. It is wielding a +0 mace.
The orc priest shouts!
The orc priest calls down the wrath of Beogh upon you.
Beogh smites you!
* * * LOW HITPOINT WARNING * * *
You fail to use your ability.
The orc warrior throws a boomerang.
The boomerang hits you!
* * * LOW HITPOINT WARNING * * *
The orc priest calls down the wrath of Beogh upon you.
Beogh smites you!
You die...

* ###########.. *
#.....####..#......#..
#......#...........#.. ,
#......#.[.........#.. ,
, #......+...........'..
, #......#...........#..
, #......#...........#..
, #.....##....########..
##....@##....###.......
o.o.............#.......
* , ,
................#.......
* ,
................'.......
*
.#########......#.......
# * *######'#....... # ,
,* , ..#....... + , *,
,,,...#.......
#...........,
....#.......


You could see an orc warrior and an orc priest.

Vanquished Creatures
  3 ice beasts
  A necrophage (D:6)
  A phantom (D:6)
  A kobold brigand (D:6)
  A bullfrog (D:6)
  2 scorpions
  A water moccasin skeleton (D:5)
  2 centaur zombies
  An orc priest (D:5)
  A bullfrog skeleton (D:5)
  An iguana (D:7)
  A hound zombie (D:5)
  A gnoll (D:3)
  6 adders
  A white imp (D:6)
  A worm (D:5)
  A dart slug (D:1)
  8 orcs
  2 bats
  8 endoplasms
  4 giant cockroaches
  5 goblins
  2 hobgoblins
  3 jackals (D:3)
  6 ball pythons
  2 frilled lizards (D:2)
  8 kobolds
  4 rats
78 creatures vanquished.

Notes
Turn   | Place    | Note
-------+----------+-------------------------------------------
     0 | D:1      | puimuR the Deep Dwarf Transmuter began the quest for the
                  | Orb.
     0 | D:1      | Reached XP level 1. HP: 16/16 MP: 3/3
    70 | D:1      | Reached XP level 2. HP: 22/24 MP: 4/4
   147 | D:1      | Noticed a great orb of eyes
   161 | D:1      | Found a faded altar of an unknown god.
   169 | D:1      | Noticed a great orb of eyes
   169 | D:1      | Noticed a shining eye
   169 | D:1      | Noticed a golden eye
   326 | D:2      | Learned a level 2 spell: Wereblood
   371 | D:2      | Reached XP level 3. HP: 16/30 MP: 3/5
   687 | D:3      | Reached skill level 1 in Shields
   694 | D:3      | Found Tax Eklo's Book Shoppe.
   853 | D:3      | Noticed a scorpion
   863 | D:3      | Killed a scorpion
   864 | D:3      | Reached XP level 4. HP: 18/37 MP: 6/6
  1050 | D:3      | Reached XP level 5. HP: 31/43 MP: 4/7
  1139 | D:4      | Reached skill level 1 in Axes
  1182 | D:5      | Entered Level 5 of the Dungeon
  1255 | D:5      | Reached skill level 2 in Axes
  1302 | D:5      | Found a snail-covered altar of Cheibriados.
  1377 | D:6      | Noticed a phantom
  1425 | D:6      | Killed a phantom
  1426 | D:6      | Reached skill level 3 in Axes
  1426 | D:6      | Reached XP level 6. HP: 31/50 MP: 8/8
  1433 | D:6      | Noticed an ice beast
  1460 | D:5      | Found a staircase to the Ecumenical Temple.
  1469 | Temple   | Entered the Ecumenical Temple
  1476 | Temple   | Became a worshipper of Makhleb the Destroyer
  1490 | D:5      | Reached skill level 4 in Axes
  1602 | D:6      | Noticed Dowan
  1698 | D:6      | Reached skill level 5 in Axes
  1752 | D:7      | Noticed a troll
  1822 | D:6      | Noticed Duvessa
  1863 | D:6      | Killed an ice beast
  1864 | D:6      | Reached skill level 6 in Axes
  1864 | D:6      | Reached XP level 7. HP: 23/56 MP: 9/9
  1886 | D:6      | Identified the +5 dagger of the Eel {flame, Str-4 Int+4
                  | Dex+8 Stlth+}
  1914 | D:6      | Reached skill level 7 in Axes
  2121 | D:7      | Reached skill level 9 in Axes
  2121 | D:7      | Reached XP level 8. HP: 27/63 MP: 10/10
  2282 | D:7      | Killed from afar by an orc priest

Illustrated notes

Levels and vault maps discovered:
D:1:      psy_arrival_dodecagon, layout_rooms,
          hellmonk_ecumenical_altar_watching_god, hex_large
D:2:      minmay_recursive_quarters, layout_basic
D:3:      layout_basic, serial_shops, shop_fountains
D:4:      layout_rooms, grunt_ministairs_8, minmay_misc_feat_chi
D:5:      layout_basic, slow_altar_1, minmay_temple_entry_stoned_glass
D:6:      layout_loops_ring, minmay_between, uniq_duvessa
D:7:      layout_gridville, kennysheep_generic_room_11
Temple:   compressed_dpeg_triangle_lava_temple

Skill      XL: |  1  2  3  4  5  6  7 |
---------------+----------------------+-----
Transmutations | 2 3 |  3.3
Shields        | 3 4 |  4.0
Axes           | 3 6 9 |  9.6
Fighting       | |  0.8
Dodging        | |  2.1
Unarmed Combat | |  2.6
Spellcasting   | |  1.7

Action                   |  1- 3 |  4- 6 |  7- 9 || total
-------------------------+-------+-------+-------++-------
Melee: Unarmed           |    43 |       |       ||    43
       Kick              |    23 |    24 |    17 ||    64
       Headbutt          |     8 |    10 |    13 ||    31
       Punch             |     2 |       |       ||     2
       Dagger            |    54 |    52 |       ||   106
       Trident           |       |    94 |    65 ||   159
       Hand axe          |       |     6 |       ||     6
Throw: Dart              |     5 |     8 |     5 ||    18
 Cast: Beastly Appendage |    23 |    17 |     7 ||    47
       Wereblood         |     3 |     7 |     4 ||    14
 Abil: Heal Wounds       |     2 |     2 |     5 ||     9
  Use: Scroll            |       |     4 |     3 ||     7
Armor: Robe              |    30 |    17 |       ||    47
       Ring mail         |       |    50 |    34 ||    84
Dodge: Dodged            |    85 |    84 |    33 ||   202
Block: Buckler           |    11 |    38 |    20 ||    69
